 Dungeon Crawl Stone Soup version 0.27.0-1-g7a089689b8 (webtiles) character file.

Game seed: 8677120386372798574

39 horus123 the Skirmisher (level 3, -3/29 HPs)
             Began as a Demonspawn Abyssal Knight on Aug 15, 2021.
             Was a Believer of Lugonu.
             Slain by a worm (7 damage)
             ... on level 2 of the Dungeon.
             The game lasted 00:03:43 (1768 turns).

horus123 the Skirmisher (Demonspawn Abyssal Knight) Turns: 1768, Time: 00:03:43

Health: -3/29      AC:  3    Str: 12    XL:     3   Next: 26%
Magic:  4/5        EV: 11    Int: 14    God:    Lugonu [**....]
Gold:   67         SH:  0    Dex: 12    Spells: 2/2 levels left

rFire    . . .     SeeInvis .   a - +2 falchion
rCold    . . .     Faith    .   (no shield)
rNeg     . . .     Spirit   .   b - +0 leather armour
rPois    .         Reflect  .   (no helmet)
rElec    .         Harm     .   (no cloak)
rCorr    .         Rampage  .   (no gloves)
Will     .....                  (no boots)
Stlth    +.........             (no amulet)
HPRegen  0.09/turn              e - ring of wizardry
MPRegen  0.09/turn              (no ring)

@: no status effects
A: spiny 1
a: Renounce Religion, Depart the Abyss, Bend Space


You were on level 2 of the Dungeon.
You worshipped Lugonu.
Lugonu was pleased with you.
You visited 1 branch of the dungeon, and saw 2 of its levels.
You visited the Abyss 1 time.

You collected 67 gold pieces.

Inventory:

Hand Weapons
 a - a +2 falchion (weapon)
Armour
 b - a +0 leather armour (worn)
Jewellery
 e - a ring of wizardry (left hand)
Scrolls
 f - 2 scrolls of fear
 h - a scroll of silence {unknown}
 i - a scroll of identify {unknown}
Potions
 c - a potion of flight {unknown}
 d - 2 potions of curing {unknown}
 g - a potion of mutation {unknown}


   Skills:
 + Level 3.5 Fighting
 + Level 2.3 Long Blades
 + Level 2.0 Armour
 + Level 1.1 Dodging
 + Level 0.2 Stealth
 * Level 0.1 Spellcasting
 * Level 2.9 Invocations


You had 2 spell levels left.
You didn't know any spells.
Your spell library was empty.

Dungeon Overview and Level Annotations

Branches:
Dungeon (2/15)

Altars:
Cheibriados


Innate Abilities, Weirdness & Mutations

You are partially covered in sharp spines.


Message History

Lugonu accepts your kill.
h - a scroll labelled XEIMUS CESAIRO A hobgoblin comes into view.
The hobgoblin shouts!
Found a stone staircase leading up.
You closely miss the hobgoblin. The hobgoblin is struck by your spines.
The hobgoblin hits you. The hobgoblin barely misses you.
The hobgoblin is struck by your spines.
You kill the hobgoblin!
Lugonu accepts your kill.
Found a dagger.
Found a trident.
i - a scroll labelled HOL LAOKE CUSY A kobold comes into view.
It is wielding a +0 short sword.
Found a ring mail.
The kobold throws a stone.
The stone hits you but does no damage. The kobold misses you.
You riposte.
You hit the kobold.
You kill the kobold!
Lugonu accepts your kill.
Things that are here:
a +0 short sword; a stone A frilled lizard and a worm come into view.
The frilled lizard hisses angrily.
The frilled lizard hisses.
The frilled lizard bites you but does no damage.
The frilled lizard closely misses you.
You riposte.
You closely miss the frilled lizard. The frilled lizard closely misses you.
The worm bites you! The worm bites you!
The frilled lizard is struck by your spines.
You kill the frilled lizard!
Lugonu accepts your kill. The worm is struck by your spines.
The worm bites you.
* * * LOW HITPOINT WARNING * * *
You don't know any spells.
You hit the worm.
The worm is heavily wounded.
Space bends around you!
You blink.
The worm is struck by your spines. The worm bites you!
You die...

##...####.....
#########.............
#......##.............
#......##.............
#......##........#...#
#......##........#.#.#
.####....ยง..#........#.#..
........w...#........#.###
.........@..#..........#..
...........##........#.#..
...........##........#.#..
###########..........#.#.[
#....##.........
#..).##......##.
#....##.........
##....#.........
#....######....


You could see a worm.

Vanquished Creatures
  3 endoplasms (D:1)
  A giant cockroach (D:1)
  8 goblins
  3 hobgoblins
  3 jackals (D:1)
  A quokka (D:1)
  5 ball pythons (D:1)
  2 bats (D:1)
  2 frilled lizards
  5 kobolds
  2 rats
  A butterfly (D:1)
36 creatures vanquished.

Vanquished Creatures (others)
  2 plants (D:1)
2 creatures vanquished.

Grand Total: 38 creatures vanquished

Notes
Turn   | Place    | Note
-------+----------+-------------------------------------------
     0 | Abyss:1  | horus123 the Demonspawn Abyssal Knight began the quest for
                  | the Orb.
     0 | Abyss:1  | Reached XP level 1. HP: 18/18 MP: 2/2
    15 | D:1      | Escaped the Abyss
   220 | D:1      | Gained mutation: You are partially covered in sharp spines.
                  | [demonic ancestry]
   220 | D:1      | Reached XP level 2. HP: 23/24 MP: 3/3
   402 | D:1      | Reached ** piety under Lugonu
   452 | D:1      | Reached skill level 1 in Dodging
   836 | D:1      | Reached XP level 3. HP: 28/29 MP: 5/5
  1057 | D:1      | Found a faded altar of an unknown god.
  1367 | D:2      | Found a snail-covered altar of Cheibriados.
  1768 | D:2      | Slain by a worm

Illustrated notes

Levels and vault maps discovered:
D:1:      dpeg_arrival_radiant, layout_loops_ring,
          shapermc_ecumenical_altar_hornbeckon, hangedman_glass_garden,
          wander_ebering_terrifying_dragon_lair
D:2:      layout_basic, basic_altar, uniq_terence

Skill      XL: |  1  2 |
---------------+-------+-----
Armour         | 2 |  2.0
Long Blades    | 2 |  2.3
Dodging        | 1 |  1.1
Fighting       | |  3.5
Stealth        | |  0.2
Spellcasting   | |  0.1
Invocations    | |  2.9

Action                   || total
-------------------------++-------
Melee: Falchion          ||    50
Invok: Bend Space        ||     5
  Use: Scroll            ||     2
Armor: Leather armour    ||    19
Dodge: Dodged            ||    50
       Rpst.: Falchion   ||    18
